 Dungeon Crawl Stone Soup version 0.27-a0-1090-gb115f176c6 (webtiles) character file.

Game seed: 1471875126754026317

5633 porpoise the Covert (level 10, 0/66 HPs)
             Began as an Octopode Earth Elementalist on Apr 28, 2021.
             Was a Believer of Vehumet.
             Slain by a vampire mosquito (9 damage)
             ... on level 10 of the Dungeon.
             The game lasted 00:46:31 (12040 turns).

porpoise the Covert (Octopode Earth Elementalist)  Turns: 12040, Time: 00:46:31

Health: 0/66       AC:  1    Str:  8    XL:     10   Next: 74%
Magic:  17/20      EV: 14    Int: 26    God:    Vehumet [**....]
Gold:   395        SH:  0    Dex: 13    Spells: 9/23 levels left

rFire    . . .     SeeInvis .   a - +7 dagger (venom)
rCold    . . .     Faith    .   (no shield)
rNeg     . . .     Spirit   .   (helmet restricted)
rPois    .         Reflect  .   t - amulet of regeneration
rElec    .         Harm     .   M - +6 ring of intelligence
rCorr    .         Rampage  .   (no ring)
Will     .....                  (no ring)
Stlth    +++++.....             (no ring)
HPRegen  1.21/turn              (no ring)
MPRegen  0.17/turn              (no ring)
                                (no ring)
                                (no ring)

@: no status effects
A: almost no armour, amphibious, 8 rings, camouflage 1, gelatinous body 1,
(nimble swimmer 1), tentacles
a: Renounce Religion


You were on level 10 of the Dungeon.
You worshipped Vehumet.
Vehumet was pleased with you.
You visited 1 branch of the dungeon, and saw 10 of its levels.
You also visited: Ossuary.

You collected 395 gold pieces.

Inventory:

Hand Weapons
 a - a +7 dagger of venom (weapon)
 b - a +0 hunting sling
Missiles
 i - 5 silver boomerangs (quivered)
 z - 29 sling bullets
 C - 68 bolts
 D - 107 stones
 E - 16 poisoned darts
 G - 3 boomerangs
 I - 7 atropa-tipped darts
 K - 4 javelins
Magical Staves
 H - a staff of death
Jewellery
 t - an amulet of regeneration (around mantle)
 M - a +6 ring of intelligence (left tentacle)
Wands
 q - a wand of iceblast (7)
 s - a wand of polymorph (16)
Scrolls
 c - 4 scrolls of teleportation
 d - 2 scrolls of vulnerability
 e - 3 scrolls of immolation
 g - a scroll of silence {unknown}
 h - a scroll of amnesia {unknown}
 j - 2 scrolls of holy word
 k - a scroll of brand weapon {unknown}
 m - a scroll of enchant armour {unknown}
 u - a scroll of fog
 x - 4 scrolls of magic mapping
 y - 2 scrolls of enchant weapon
 F - a scroll of fear {unknown}
 J - a scroll of noise {unknown}
 L - a scroll of torment {unknown}
Potions
 f - 2 potions of lignification
 l - a potion of resistance
 n - 5 potions of curing
 o - a potion of heal wounds
 p - 2 potions of flight {unknown}
 r - 2 potions of haste
 v - a potion of attraction {unknown}
 w - a potion of brilliance {unknown}
 A - 4 potions of ambrosia
 B - 2 potions of might
 N - a potion of magic {unknown}


   Skills:
 - Level 5.0 Fighting
 - Level 5.0 Dodging
 + Level 10.4 Stealth
 - Level 7.0 Spellcasting
 - Level 5.0 Conjurations
 - Level 3.0 Translocations
 - Level 1.0 Transmutations
 * Level 7.9 Earth Magic
 * Level 2.2 Evocations


You had 9 spell levels left.
You knew the following spells:

 Your Spells              Type           Power      Damage    Failure   Level
a - Sandblast             Erth           100%       2d20      1%          1
b - Stone Arrow           Conj/Erth      84%        3d12      1%          3
c - Lee's Rapid Deconstr  Erth           25%        3d15*     7%          5
k - Blink                 Tloc           N/A        N/A       2%          2
m - Mephitic Cloud        Conj/Pois/Air  17%        N/A       10%         3

Your spell library contained the following spells:

 Spells                   Type           Power      Damage    Failure   Level
 Freeze                   Ice            36%        1d6       6%          1
 Magic Dart               Conj           100%       1d8       1%          1
 Passwall                 Tmut/Erth      26%        N/A       1%          2
 Summon Small Mammal      Summ           36%        N/A       6%          1
 Conjure Flame            Conj/Fire      22%        6-21      7%          3
 Call Imp                 Summ           9%         N/A       10%         2
 Slow                     Hex            9%         N/A       10%         2
 Petrify                  Tmut/Erth      32%        N/A       10%         4
 Call Canine Familiar     Summ           9%         N/A       19%         3
 Summon Guardian Golem    Hex/Summ       9%         N/A       19%         3
 Summon Ice Beast         Ice/Summ       9%         N/A       52%         4
 Summon Lightning Spire   Summ/Air       9%         N/A       52%         4


Dungeon Overview and Level Annotations

Branches:
Dungeon (10/15)            Temple (0/1) D:7            Lair (0/6) D:9
Ossuary (visited)
    Orc: D:9-12

Altars:
Ashenzari
Gozag
Kikubaaqudgha
Qazlal
Uskayaw
Vehumet
Wu Jian
Yredelemnul
The Shining One

Annotations:
D:10 Joseph, Psyche


Innate Abilities, Weirdness & Mutations

You cannot wear most types of armour.
You are amphibious.
You can wear up to eight rings at the same time.
Your skin changes colour to match your surroundings (Stealth+).
Your rubbery body absorbs attacks. (AC +1, EV +1)
((You are camouflaged near water. (Stealth+)))
You have tentacles for arms and can constrict up to eight enemies at once.


Message History

Casting: Sandblast (safe; 1% risk of failure)
Confirm with . or Enter, or press ? or * to list all spells.
Aiming: Sandblast (safe; 1% risk of failure)
Press: ? - help, Shift-Dir - straight line, f/p - vampire mosquito
Aim: a vampire mosquito (severely damaged, 72% to hit)
The blast of sand hits the vampire mosquito!
You destroy the vampire mosquito!
Vehumet accepts your kill.
D - 107 stones The vampire mosquito completely misses you.
The vampire mosquito barely misses you. The vampire mosquito bites you!
The vampire mosquito draws strength from your injuries!
The vampire mosquito bites you!
The vampire mosquito draws strength from your injuries!
The vampire mosquito barely misses you. The vampire mosquito bites you.
The vampire mosquito draws strength from your injuries!
The vampire mosquito bites you!
The vampire mosquito draws strength from your injuries!
The vampire mosquito bites you!
The vampire mosquito draws strength from your injuries!
The vampire mosquito bites you!
* * * LOW HITPOINT WARNING * * *
The vampire mosquito draws strength from your injuries!
There is a stone staircase leading up, spattered with blood here.
You feel much better. The vampire mosquito barely misses you.
The vampire mosquito bites you!
The vampire mosquito draws strength from your injuries!
The vampire mosquito bites you.
* * * LOW HITPOINT WARNING * * *
The vampire mosquito draws strength from your injuries!
The vampire mosquito bites you.
* * * LOW HITPOINT WARNING * * *
The vampire mosquito draws strength from your injuries!
The vampire mosquito misses you. The vampire mosquito barely misses you.
The vampire mosquito bites you.
* * * LOW HITPOINT WARNING * * *
The vampire mosquito draws strength from your injuries!
The vampire mosquito bites you!
You die...

## ..####
...#..#
.......
.......##
........##
..........#
........@.#
.......yyy###
.....##.....#
.....###...##
......##...#
#...†#...#
#.....##
#....##
......#..#


You could see 3 vampire mosquitoes.

Vanquished Creatures
  Maggie (D:7)
  2 kobold demonologists (D:8)
  A komodo dragon (D:9)
  A troll (D:9)
  A wraith (D:9)
  A wyvern (D:8)
  A vampire mosquito (D:10)
  A steam dragon (D:7)
  Edmund (D:4)
  Menkaure (D:7)
  Duvessa (D:5)
  A water moccasin (D:8)
  2 orc warriors
  A hornet zombie (D:6)
  2 sky beasts
  2 ice beasts (D:6)
  A necrophage (D:5)
  A phantom (D:7)
  3 centaurs
  A kobold brigand (D:8)
  A bullfrog (D:8)
  An elf zombie (Ossuary)
  4 scorpions
  2 wyvern zombies
  12 killer bees
  5 howler monkeys
  3 centaur zombies
  5 hounds
  A human zombie (Ossuary)
  A gnoll shaman (D:7)
  2 bullfrog skeletons
  A centaur skeleton (D:5)
  Jessica (D:3)
  5 iguanas
  2 orc wizards
  A killer bee zombie (D:8)
  A hound zombie (Ossuary)
  3 mummies (Ossuary)
  A hound skeleton (D:4)
  A howler monkey skeleton (D:7)
  3 howler monkey zombies
  8 gnolls
  6 adders
  A shadow imp (D:7)
  2 white imps
  7 adder zombies (Ossuary)
  2 worms (D:3)
  3 dart slugs
  5 orcs
  9 endoplasms
  2 giant cockroaches
  A gnoll zombie (Ossuary)
  7 goblins
  10 hobgoblins
  13 jackals
  A quokka (D:2)
  8 ball pythons
  4 bats
  A frilled lizard (D:1)
  5 goblin zombies (Ossuary)
  3 hobgoblin zombies (Ossuary)
  6 jackal zombies (Ossuary)
  16 kobolds
  2 kobold zombies (Ossuary)
  An orc zombie (Ossuary)
  3 quokka zombies (Ossuary)
  8 rats
  A rat zombie (Ossuary)
217 creatures vanquished.

Vanquished Creatures (collateral kills)
  Dowan (D:5)
1 creature vanquished.

Vanquished Creatures (others)
  An orc (D:7)
  2 plants (D:9)
3 creatures vanquished.

Grand Total: 221 creatures vanquished

Notes
Turn   | Place    | Note
-------+----------+-------------------------------------------
     0 | D:1      | porpoise the Octopode Earth Elementalist began the quest
                  | for the Orb.
     0 | D:1      | Reached XP level 1. HP: 11/11 MP: 3/3
   356 | D:1      | Reached XP level 2. HP: 17/17 MP: 1/5
   531 | D:1      | Reached skill level 3 in Stealth
  1179 | D:1      | Reached XP level 3. HP: 21/21 MP: 6/6
  1183 | D:1      | Learned a level 3 spell: Stone Arrow
  1191 | D:1      | Found a faded altar of an unknown god.
  2606 | D:2      | Reached XP level 4. HP: 27/27 MP: 8/8
  3836 | D:3      | Noticed Jessica
  3839 | D:3      | Killed Jessica
  3840 | D:3      | Reached skill level 4 in Stealth
  3840 | D:3      | Reached XP level 5. HP: 31/31 MP: 7/10
  4525 | D:4      | Found a sand-covered staircase.
  4537 | Ossuary  | Entered an ossuary
  4684 | Ossuary  | Reached XP level 6. HP: 29/36 MP: 10/12
  4819 | Ossuary  | Reached skill level 5 in Earth Magic
  5191 | Ossuary  | Reached skill level 5 in Stealth
  5243 | Ossuary  | Reached skill level 1 in Conjurations
  5331 | Ossuary  | Reached XP level 7. HP: 41/41 MP: 13/13
  5553 | D:4      | Reached skill level 5 in Spellcasting
  5888 | D:5      | Entered Level 5 of the Dungeon
  5906 | D:5      | Reached skill level 1 in Fighting
  5982 | D:5      | Reached skill level 6 in Stealth
  6096 | D:5      | Reached XP level 8. HP: 49/49 MP: 11/15
  6610 | D:5      | Noticed Edmund
  6736 | D:5      | Noticed Duvessa
  6738 | D:5      | Noticed Dowan
  6755 | D:4      | Killed Edmund
  6876 | D:5      | Reached skill level 7 in Stealth
  6876 | D:5      | Reached skill level 5 in Conjurations
  6935 | D:5      | Learned a level 5 spell: Lee's Rapid Deconstruction
  7024 | D:5      | Learned a level 2 spell: Blink
  7177 | D:5      | Killed Dowan
  7213 | D:5      | Killed Duvessa
  7449 | D:6      | Reached XP level 9. HP: 59/59 MP: 16/16
  7692 | D:6      | Reached skill level 5 in Fighting
  7704 | D:6      | Found a radiant altar of Vehumet.
  7710 | D:6      | Became a worshipper of Vehumet
  8113 | D:6      | Reached skill level 1 in Translocations
  8631 | D:7      | Reached skill level 8 in Stealth
  9095 | D:7      | Found a broken altar of Ashenzari.
  9098 | D:7      | Found a glowing golden altar of the Shining One.
  9099 | D:7      | Found an opulent altar of Gozag.
  9152 | D:7      | Found a staircase to the Ecumenical Temple.
  9189 | D:7      | You fall into a shaft and drop 3 floors!
  9189 | D:10     | Entered Level 10 of the Dungeon
  9190 | D:10     | Noticed Joseph
  9190 | D:10     | Noticed Psyche
  9266 | D:9      | Found an ornate altar of the Wu Jian Council.
  9266 | D:9      | Found a stormy altar of Qazlal.
  9267 | D:9      | Found a basalt altar of Yredelemnul.
  9311 | D:9      | Found an ancient bone altar of Kikubaaqudgha.
  9312 | D:9      | Found a hide-covered altar of Uskayaw.
  9466 | D:9      | Reached skill level 5 in Dodging
  9500 | D:9      | Found a staircase to the Lair.
  9501 | D:9      | Noticed a komodo dragon
  9535 | D:8      | Reached * piety under Vehumet
  9535 | D:8      | Offered knowledge of Shock by Vehumet.
  9770 | D:7      | Noticed Maggie
  9786 | D:7      | Killed Maggie
  9787 | D:7      | Reached skill level 9 in Stealth
  9945 | D:7      | Reached XP level 10. HP: 37/66 MP: 3/18
  9965 | D:7      | Noticed Menkaure
 10338 | D:7      | Killed Menkaure
 11111 | D:8      | Noticed a kobold demonologist
 11113 | D:8      | Noticed a kobold demonologist
 11114 | D:8      | Noticed a rust devil
 11118 | D:8      | Killed a kobold demonologist
 11120 | D:8      | Killed a kobold demonologist
 11124 | D:8      | Reached skill level 10 in Stealth
 11568 | D:9      | Reached skill level 1 in Evocations
 11869 | D:9      | Reached ** piety under Vehumet
 11869 | D:9      | Offered knowledge of Freeze by Vehumet.
 11878 | D:9      | Learned a level 3 spell: Mephitic Cloud
 12040 | D:10     | Slain by a vampire mosquito

Illustrated notes

Levels and vault maps discovered:
D:1:      wheals_arrival_shading, layout_basic,
          shapermc_ecumenical_altar_starsandcircs
D:2:      layout_basic, serial_curves, eino_curves_04, eino_curves_01,
          eino_curves_03, minmay_misc_feat_alley, dk_noncrumbling_2
D:3:      layout_loops_ring, uniq_jessica
D:4:      layout_gridville, nicolae_ossuary_entry_ruins
D:5:      layout_cave_pods, uniq_edmund, uniq_duvessa
D:6:      layout_loops_corners, nicolae_vehumet_altar_sigil,
          hangedman_decor_growths
D:7:      layout_basic, minitemple, minmay_temple_entry_slanted, st_stairs_9,
          kennysheep_generic_room_7, uniq_maggie, uniq_menkaure
D:8:      layout_gridville
D:9:      layout_roguey, grunt_temple_overflow_open, david_lair_shrubbed
D:10:     layout_cave_pools, gammafunk_temple_overflow_statue,
          minmay_joined_circles, uniq_joseph, uniq_psyche, uniq_erica

Skill      XL: |  1  2  3  4  5  6  7  8  9 10 |
---------------+-------------------------------+-----
Stealth        | 3 4 5 6 7 9 10 | 10.4
Spellcasting   | 3 4 5 7 |  7.0
Earth Magic    | 4 5 6 7 |  7.9
Conjurations   | 1 3 5 |  5.0
Fighting       | 1 4 5 |  5.0
Dodging        | 3 5 |  5.0
Translocations | 3 |  3.0
Evocations     | 2 |  2.2
Transmutations | |  1.0

Action                   |  1- 3 |  4- 6 |  7- 9 | 10-12 || total
-------------------------+-------+-------+-------+-------++-------
Melee: Unarmed           |    37 |       |       |       ||    37
       Tentacles         |    11 |    28 |    10 |     3 ||    52
       Dagger            |    13 |    95 |    55 |    20 ||   183
       Constrict         |    18 |    37 |    11 |     4 ||    70
       Rapier            |    45 |       |       |       ||    45
       Short sword       |     2 |    44 |       |       ||    46
 Fire: Hunting sling     |       |       |    15 |     9 ||    24
Throw: Dart              |       |       |    10 |       ||    10
       Boomerang         |       |       |       |     1 ||     1
 Cast: Sandblast         |    15 |    30 |    75 |    31 ||   151
       Stone Arrow       |       |     1 |    48 |    18 ||    67
       Blink             |       |       |     1 |       ||     1
       Lee's Rapid Decon |       |       |       |     2 ||     2
Evoke: Wand              |       |       |     8 |     4 ||    12
  Use: Scroll            |       |       |    15 |     1 ||    16
       Potion            |       |       |       |     1 ||     1
 Stab: Sleeping          |    10 |    13 |    12 |     2 ||    37
       Invisible         |       |       |     1 |       ||     1
Armor: Skin              |     7 |     7 |     2 |     3 ||    19
Dodge: Dodged            |    59 |    75 |    70 |    36 ||   240

Table legend: (Time is in decaauts)
 A = Elapsed time spent in this place.
 B = Non-inter-level travel time spent in this place.
 C = Inter-level travel time spent in this place.
 D = Time resting spent in this place.
 E = Time spent auto-exploring this place.
 F = Levels seen in this place.
 G = Mean time per level.
                   A        B        C        D        E       F      G
               +--------+--------+--------+--------+--------+-----+--------+
         Total |  12048 |  11754 |    294 |   4380 |   5178 |  11 | 1095.3 |
       Dungeon |  11190 |  10896 |    294 |   3999 |   5178 |  10 | 1119.0 |
       Ossuary |    857 |    857 |      0 |    381 |      0 |   1 |  857.0 |
               +--------+--------+--------+--------+--------+-----+--------+

Top non-repeatable levels by time:
     D:1: 1812 daAuts
     D:2: 1549 daAuts
     D:7: 1475 daAuts
     D:5: 1408 daAuts
     D:8: 1097 daAuts
     D:6: 1030 daAuts
     D:9: 999 daAuts
     D:3: 907 daAuts
     D:4: 878 daAuts
 Ossuary: 857 daAuts
    D:10: 31 daAuts
